 Dungeon Crawl Stone Soup version 0.30-a0-585-g93115170b9 (webtiles) character file.

Game seed: 16453689186546983549

353 spardeous the Ducker (level 6, -1/24 HPs)
             Began as a Felid Earth Elementalist on Jan 2, 2023.
             Killed by divine providence
             ... invoked by an orc priest
              (16 damage)
             ... on level 4 of the Dungeon.
             The game lasted 00:07:02 (5145 turns).

spardeous the Ducker (Felid Earth Elementalist)     Turns: 5145, Time: 00:07:03

Health: -1/24      AC:  2    Str:  4    XL:     6   Next: 35%
Magic:  4/10       EV: 21    Int: 16    God:
Gold:   206        SH:  0    Dex: 19    Spells: 8/9 levels left
                                        Lives:  0   Deaths: 1

rFire   . . .      SeeInvis +    (weapon unavailable)
rCold   . . .      Faith    .    (shield unavailable)
rNeg    . . .      Spirit   .    (body armour unavailable)
rPois   .          Reflect  .    (helmet unavailable)
rElec   .          Harm     .    (cloak unavailable)
rCorr   .          Rampage  .    (gloves unavailable)
Will    .....                    (boots unavailable)
Stlth   ++                       (no amulet)
HPRegen 0.24/turn                (no ring)
MPRegen 0.12/turn                (no ring)

@: quick
A: very small, claws 1, fangs 3, see invisible, speed 1, shaggy fur 2, stealthy
paws, no weapons or thrown items, no armour, multi-lived
a: no special abilities


You were on level 4 of the Dungeon.
You visited 1 branch of the dungeon, and saw 4 of its levels.

You collected 206 gold pieces.

Inventory:

Wands
 p - a wand of charming (8)
 t - a wand of polymorph (3)
 u - a wand of mindburst (17)
 v - a wand of flame (16)
Scrolls
 b - a scroll of fog {unknown}
 c - 4 scrolls of vulnerability {unknown}
 e - a scroll of noise {unknown}
 f - a scroll of magic mapping {unknown}
 g - a scroll of identify {unknown}
 i - 2 scrolls of poison {unknown}
 j - a scroll of amnesia {unknown}
 k - a scroll of blinking {unknown}
 m - a scroll of immolation {unknown}
 o - a scroll of silence {unknown}
 q - a scroll of teleportation {unknown}
Potions
 a - a potion of magic
 d - 2 potions of mutation {unknown}
 h - 2 potions of haste {unknown}
 l - a potion of heal wounds {unknown}
 n - a potion of curing {unknown}
 r - 2 potions of ambrosia {unknown}
 s - 3 potions of might {unknown}


   Skills:
 + Level 6.6 Dodging
 - Level 2.6 Stealth
 - Level 2.0 Spellcasting
 - Level 1.1 Transmutations
 * Level 5.5 Earth Magic


You had 8 spell levels left.
You knew the following spells:

 Your Spells              Type           Power      Damage    Failure   Level
a - Sandblast             Erth           38%        2d10      2%          1

Your spell library contained the following spells:

 Spells                   Type           Power      Damage    Failure   Level
 Passwall                 Tmut/Erth      10%        N/A       8%          2
 Stone Arrow              Conj/Erth      20%        3d8       21%         3
 Petrify                  Tmut/Erth      12%        N/A       45%         4


Dungeon Overview and Level Annotations

Branches:
Dungeon (4/15)
 Temple: D:4-7

Altars:
Ashenzari
Dithmenos
Ru
Sif Muna
Vehumet
The Shining One

Annotations:
D:3 Pikel
D:4 2 runed translucent doors


Innate Abilities, Weirdness & Mutations

You have sharp claws.
You have razor-sharp teeth.
You have supernaturally acute eyesight. (SInv)
You cover ground quickly. (Speed+)
You are covered in thick fur. (AC +2)
Your paws help you pounce on unaware monsters.
You are incapable of wielding weapons or throwing items.
You cannot wear armour.
You gain extra lives every three experience levels.


Message History

The orc wizard is almost dead.
The orc wizard shouts!
You hear a shout!
The orc wizard gestures at you while chanting.
You are confused.
You're too confused to cast spells.
Sorry, you're not good enough to have a special ability.
Unknown command.
You're too confused to cast spells.
Sorry, you're not good enough to have a special ability.
Unknown command.
The orc wizard completely misses you.
The orc wizard points at you and mumbles some strange words.
The puff of flame misses you.
You bump into the rock wall.
The orc priest shouts!
You hear an angry hiss.
You barely miss the orc wizard.
The orc wizard is severely wounded.
You feel less confused. The orc wizard misses you.
Casting: Sandblast (safe; 2% risk of failure)
Confirm with . or Enter, or press ? or * to list all spells.
Aiming: Sandblast (safe; 2% risk of failure)
Press: ? - help, Shift-Dir - straight line, f/p - orc wizard
Aim: an orc wizard, wielding a +0 dagger and wearing a +0 robe (severely wounded, 77% to hit)
The blast of sand hits the orc wizard!
You kill the orc wizard!
The orc priest calls down the wrath of Beogh upon you.
Beogh smites you!
Casting: Sandblast (safe; 2% risk of failure)
Confirm with . or Enter, or press ? or * to list all spells.
Aiming: Sandblast (safe; 2% risk of failure)
Press: ? - help, Shift-Dir - straight line, f - orc priest
Aim: an orc priest, wielding a +0 hand axe and wearing a +0 leather armour (82% to hit)
The blast of sand misses the orc priest.
The blast of sand hits the orc priest!
The orc priest is severely wounded.
The orc priest invokes the aid of Beogh against you.
Beogh smites you!
Ouch! That really hurt!
You die...

#.... #....
##########....
#........#....
#........#....
#.......†#....
#........#.#+#
#####.............
#@.oo(...o>.......
#)###........#.#.#
#.# #........#.#.#
#.# ##########.#..
#)# #...#.#.. #.#
#...#.... #.#
#...###.. #.#.
+...'....
#.#.######...#####


You could see 2 orc priests.

Vanquished Creatures
  2 ogres (D:4)
  3 lemures
  A hound (D:4)
  Crazy Yiuf (D:3)
  An orc priest (D:4)
  An iguana (D:4)
  2 orc wizards (D:4)
  4 adders
  2 worms
  3 dart slugs
  6 orcs
  10 endoplasms
  3 giant cockroaches
  5 goblins
  5 hobgoblins
  4 kobolds
  2 quokkas
  2 ball pythons
  3 bats
  7 frilled lizards
  3 rats
70 creatures vanquished.

Notes
Turn   | Place    | Note
-------+----------+-------------------------------------------
     0 | D:1      | spardeous the Felid Earth Elementalist began the quest for
                  | the Orb.
     0 | D:1      | Reached XP level 1. HP: 7/7 MP: 4/4
   100 | D:1      | Reached skill level 3 in Dodging
   381 | D:1      | Reached XP level 2. HP: 11/11 MP: 4/6
  1606 | D:2      | Reached skill level 4 in Dodging
  1606 | D:2      | Reached XP level 3. HP: 14/14 MP: 4/7
  1928 | D:2      | Found a faded altar of an unknown god.
  2607 | D:3      | Found a sacrificial altar of Ru.
  2607 | D:3      | Found a shadowy altar of Dithmenos.
  2607 | D:3      | Found a shimmering blue altar of Sif Muna.
  2609 | D:3      | Found a radiant altar of Vehumet.
  2623 | D:3      | Found a broken altar of Ashenzari.
  2664 | D:3      | Reached XP level 4. HP: 18/18 MP: 4/8
  2885 | D:3      | Found a runed translucent door.
  2886 | D:3      | Noticed Crazy Yiuf
  2928 | D:3      | Found a glowing golden altar of the Shining One.
  3545 | D:3      | Killed Crazy Yiuf
  3546 | D:3      | Reached skill level 5 in Dodging
  3777 | D:4      | Noticed a lemure
  3777 | D:4      | Noticed a lemure
  3896 | D:3      | Killed a lemure
  3944 | D:4      | Noticed Pikel
  3944 | D:4      | Noticed a lemure
  3944 | D:4      | Noticed a lemure
  4341 | D:3      | Killed a lemure
  4394 | D:4      | Reached XP level 5. HP: 19/21 MP: 5/9
  4561 | D:4      | Killed a lemure
  4827 | D:4      | HP: 1/21 [orc priest/divine providence (10)]
  4829 | D:4      | Slain by a hound
  4830 | D:4      | Reached XP level 4. HP: 0/18 MP: 2/8
  4842 | D:4      | Noticed an ogre
  4875 | D:4      | Killed an ogre
  4876 | D:4      | Reached skill level 6 in Dodging
  4876 | D:4      | Reached XP level 5. HP: 21/21 MP: 5/9
  4927 | D:4      | Reached skill level 5 in Earth Magic
  5079 | D:4      | Found a large runed translucent door.
  5080 | D:4      | Found a large runed translucent door.
  5086 | D:4      | Noticed an ogre
  5126 | D:4      | Killed an ogre
  5127 | D:4      | Gained mutation: You are covered in thick fur. (AC +2)
                  | [Felid growth]
  5127 | D:4      | Reached XP level 6. HP: 24/24 MP: 5/10
  5145 | D:4      | Killed from afar by an orc priest

Illustrated notes

Levels and vault maps discovered:
D:1:      heliophobic_arrival_henge, layout_basic, st_stairs_12
D:2:      layout_basic, ebering_ecumenical_altar_mist
D:3:      kennysheep_six_static_rooms, layout_basic,
          nicolae_tso_carved_into_rock, minitemple, uniq_crazy_yiuf_cottage
D:4:      layout_basic, mainiacjoe_overflow_concentric_impassable,
          ebering_ghost_disaster_area, uniq_pikel

Skill      XL: |  1  2  3  4  5 |
---------------+----------------+-----
Dodging        | 3 4 6 |  6.6
Earth Magic    | 3 4 5 |  5.5
Stealth        | |  2.6
Spellcasting   | |  2.0
Transmutations | |  1.1

Action                   |  1- 3 |  4- 6 || total
-------------------------+-------+-------++-------
Melee: Unarmed           |       |     5 ||     5
 Cast: Sandblast         |    66 |   144 ||   210
Armor: Skin              |     2 |     2 ||     4
Dodge: Dodged            |    13 |    63 ||    76

Table legend: (Time is in decaauts)
 A = Elapsed time spent in this place.
 B = Non-inter-level travel time spent in this place.
 C = Inter-level travel time spent in this place.
 D = Time resting spent in this place.
 E = Time spent auto-exploring this place.
 F = Levels seen in this place.
 G = Mean time per level.
                   A        B        C        D        E       F      G
               +--------+--------+--------+--------+--------+-----+--------+
         Total |   4517 |   4378 |    139 |     81 |   3215 |   4 | 1129.2 |
       Dungeon |   4517 |   4378 |    139 |     81 |   3215 |   4 | 1129.2 |
               +--------+--------+--------+--------+--------+-----+--------+

Top non-repeatable levels by time:
     D:3: 1630 daAuts
     D:1: 1113 daAuts
     D:2: 928 daAuts
     D:4: 846 daAuts
